 Dungeon Crawl Stone Soup version 0.28-a0-268-g3f656e82c2 (webtiles) character file.

Game seed: 378740002195457893

2454 theanonym the Spear-Bearer (level 9, -3/73 HPs)
             Began as a Mummy Delver on Aug 29, 2021.
             Was a Follower of Yredelemnul.
             Slain by a gnoll (6 damage)
             ... on level 6 of the Dungeon.
             The game lasted 00:12:12 (9888 turns).

theanonym the Spear-Bearer (Mummy Delver)           Turns: 9888, Time: 00:12:12

Health: -3/73      AC:  8    Str: 19    XL:     9   Next: 25%
Magic:  9/9        EV:  7    Int:  9    God:    Yredelemnul [*.....]
Gold:   219        SH:  5    Dex: 13    Spells: 8/8 levels left

rFire   x . .      SeeInvis .   k - +1 halberd
rCold   + . .      Faith    .   (shield currently unavailable)
rNeg    + + +      Spirit   .   j - +0 chain mail
rPois   ∞          Reflect  +   (no helmet)
rElec   .          Harm     .   (no cloak)
rCorr   .          Rampage  .   (no gloves)
Will    +....                   (no boots)
Stlth   ..........              h - amulet of reflection
HPRegen 0.22/turn               (no ring)
MPRegen 0.11/turn               (no ring)

@: about to teleport
A: cold resistance 1, negative energy resistance 3, torment resistance 2, heat
vulnerability 1, no potions
a: Renounce Religion, Animate Remains


Innate Abilities, Weirdness & Mutations

You are immune to poison.
Your flesh is cold resistant. (rC+)
You are immune to negative energy. (rN+++)
You are immune to unholy pain and torment.
You are vulnerable to heat. (rF-)
You do not drink.


   Skills:
 + Level 7.6 Fighting
 * Level 8.5 Polearms
 + Level 2.3 Armour
 - Level 1.5 Dodging
 - Level 4.1 Stealth


You had 8 spell levels left.
You didn't know any spells.
Your spell library contained the following spells:

 Spells                   Type           Power      Damage    Failure   Level
 Foxfire                  Conj/Fire      0%         2x1d4     99%         1
 Slow                     Hex            0%         N/A       100%        2
 Confusing Touch          Hex            0%         N/A       100%        3
 Conjure Flame            Conj/Fire      0%         6-21      100%        3
 Inner Flame              Hex/Fire       0%         N/A       100%        3
 Yara's Violent Unravell  Hex/Tmut       0%         3d3       100%        5

Skill      XL: |  1  2  3  4  5  6  7  8  9 |
---------------+----------------------------+-----
Polearms       | 2 3 4 5 6 8 |  8.5
Fighting       | 4 5 6 7 |  7.6
Armour         | 1 2 |  2.3
Dodging        | |  1.5
Stealth        | |  4.1

Action                   |  1- 3 |  4- 6 |  7- 9 || total
-------------------------+-------+-------+-------++-------
Melee: Spear             |   119 |   166 |       ||   285
       Trident           |       |    72 |       ||    72
       Halberd           |       |    56 |   400 ||   456
  Use: Scroll            |       |     2 |    12 ||    14
 Stab: Sleeping          |     3 |     7 |       ||    10
       Distracted        |       |     1 |       ||     1
Armor: Leather armour    |    31 |    38 |       ||    69
       Chain mail        |       |    59 |   137 ||   196
       Scale mail        |       |    11 |       ||    11
Dodge: Dodged            |    60 |   134 |   124 ||   318
Block: Other             |       |       |    61 ||    61

Inventory:

Hand Weapons
 a - a +0 trident
 k - a +1 halberd (weapon)
Armour
 j - a +0 chain mail (worn)
Jewellery
 h - an amulet of reflection (around neck)
 o - an amulet of the acrobat
Wands
 c - a wand of digging (3)
Scrolls
 b - a scroll of torment
 d - a scroll of noise
 e - a scroll of fear
 f - 2 scrolls of fog
 g - 2 scrolls of enchant armour
 i - a scroll of brand weapon
 l - 2 scrolls of amnesia
 n - a scroll of enchant weapon
 p - a scroll of immolation
 r - a scroll of identify
 t - 2 scrolls of teleportation
 y - 3 scrolls of magic mapping
 B - 2 scrolls of blinking


You were on level 6 of the Dungeon.
You worshipped Yredelemnul.
Yredelemnul was aware of your devotion.
You visited 1 branch of the dungeon, and saw 6 of its levels.
You also visited: Ossuary.

You collected 219 gold pieces.

Dungeon Overview and Level Annotations

Branches:
Dungeon (6/15)            Ossuary (visited)
 Temple: D:4-7

Altars:
Gozag
Qazlal
Ru
Uskayaw
Yredelemnul

Shops:
D:3 (   D:5 ?*=(=

Annotations:
D:3 exclusion: scorpion
D:4 3 runed translucent doors, sn0wgr3's ghost, amateur MiFi
D:5 1 runed translucent door, Crazy Yiuf

*,* #.......#......#### *,*
###.#.........#.## *,*
#.####.....###(# ****,**** #.#
##.....#.## *,,,,,,,*
##.#####......## *,**,**,*
#.......##.####
**,**,...####..####.##.#######
*,,,,,,#.........##.##.##.....
**,,***,..####@#........##..<..
***,,,,,,,*,*
#g###.##.#####...>.
,,,,,,,,,,,,*
##.#.....#*........
***,,*,*,,***
##)#######.##..... *,,,,,,,,*
#.g.# #,*#..... *,,**,*,**
#...# *,*#..... *,,,,,,,* #...#
*,*####.# **,***,*,* #...#
*,*,,,,.. **,*
*,*,******#...#*****,*,,**,*


You could see a gnoll.

Notes
Turn   | Place    | Note
-------+----------+-------------------------------------------
     0 | D:5      | theanonym the Mummy Delver began the quest for the Orb.
     0 | D:5      | Reached XP level 1. HP: 18/18 MP: 1/1
    14 | D:4      | Found a runed translucent gate.
    14 | D:4      | Found a runed translucent gate.
    14 | D:4      | Found a runed translucent gate.
    76 | D:4      | Noticed a jelly
   179 | D:3      | HP: 9/18 [adder (2)]
   184 | D:3      | HP: 3/18 [adder (4)]
   188 | D:3      | Reached skill level 2 in Polearms
   188 | D:3      | Reached XP level 2. HP: 4/24 MP: 2/2
   532 | D:3      | HP: 12/24 [adder (1)]
   538 | D:3      | HP: 5/24 [adder (3)]
   540 | D:3      | HP: 1/24 [adder (4)]
   880 | D:3      | Noticed a scorpion
   966 | D:3      | Reached XP level 3. HP: 28/29 MP: 3/3
  1179 | D:2      | HP: 12/29 [water moccasin skeleton (5)]
  1180 | D:2      | HP: 4/29 [water moccasin skeleton (7)]
  1183 | D:2      | Reached skill level 3 in Polearms
  1183 | D:2      | Reached XP level 4. HP: 6/37 MP: 4/4
  1449 | D:2      | Noticed Terence
  2092 | D:1      | Found a faded altar of an unknown god.
  2256 | D:1      | Reached skill level 4 in Fighting
  2431 | D:2      | Reached XP level 5. HP: 30/42 MP: 5/5
  2728 | D:2      | HP: 21/42 [adder (3)]
  2731 | D:2      | HP: 10/42 [adder (2)]
  2738 | D:2      | HP: 4/42 [adder (4)]
  2743 | D:2      | HP: 2/42 [adder (3)]
  3761 | D:3      | Found Caeneg's Weapon Boutique.
  3968 | D:2      | HP: 21/42 [Terence (7)]
  3969 | D:2      | HP: 9/42 [Terence (7)]
  3970 | D:2      | HP: 3/42 [Terence (6)]
  3972 | D:2      | Killed Terence
  3973 | D:2      | Reached skill level 4 in Polearms
  4319 | D:3      | HP: 18/42 [scorpion (6)]
  4613 | D:4      | Reached XP level 6. HP: 41/49 MP: 6/6
  4619 | D:4      | Found a stormy altar of Qazlal.
  4845 | D:4      | Reached skill level 5 in Fighting
  4845 | D:4      | Reached skill level 5 in Polearms
  5070 | D:4      | Reached XP level 7. HP: 36/56 MP: 7/7
  5314 | D:4      | HP: 25/56 [scorpion (6)]
  5317 | D:4      | HP: 5/56 [scorpion (8)]
  5736 | D:4      | Found a sacrificial altar of Ru.
  5829 | D:4      | HP: 27/56 [acid (3)]
  6065 | D:4      | Found a basalt altar of Yredelemnul.
  6065 | D:4      | Found a hide-covered altar of Uskayaw.
  6163 | D:4      | Noticed sn0wgr3's ghost (amateur MiFi)
  6454 | D:4      | Found a hide-covered altar of Uskayaw.
  6455 | D:4      | Found a basalt altar of Yredelemnul.
  6493 | D:4      | Found a sacrificial altar of Ru.
  6560 | D:4      | Found a stormy altar of Qazlal.
  6615 | D:4      | Reached skill level 6 in Polearms
  7164 | D:5      | Found Sebbusu's Jewellery Boutique.
  7225 | D:5      | Found an opulent altar of Gozag.
  7299 | D:4      | Became a worshipper of Yredelemnul the Dark
  7406 | D:5      | Reached skill level 6 in Fighting
  7485 | D:5      | Found Cixayriw's Antique Weapon Boutique.
  7727 | D:5      | Reached XP level 8. HP: 60/64 MP: 8/8
  7787 | D:5      | HP: 31/64 [water moccasin (6)]
  8033 | D:5      | Found Doerho Zyum's Magic Scroll Shop.
  8116 | D:5      | Found Wuseipyu's Lightly-Used Armoury.
  8215 | D:5      | Found a runed translucent door.
  8216 | D:5      | Noticed Crazy Yiuf
  8238 | D:6      | HP: 32/65 [wyvern zombie (4)]
  8508 | D:6      | Found a sand-covered staircase.
  8524 | D:6      | Reached skill level 7 in Polearms
  8529 | Ossuary  | Entered an ossuary
  8915 | Ossuary  | Reached skill level 7 in Fighting
  9107 | Ossuary  | Reached skill level 1 in Armour
  9113 | Ossuary  | Reached * piety under Yredelemnul
  9199 | Ossuary  | Reached skill level 8 in Polearms
  9410 | Ossuary  | Reached XP level 9. HP: 52/72 MP: 9/9
  9600 | Ossuary  | Reached skill level 2 in Armour
  9880 | D:6      | HP: 33/73 [gnoll (5)]
  9882 | D:6      | HP: 16/73 [gnoll (7)]
  9885 | D:6      | HP: 3/73 [gnoll (8)]
  9888 | D:6      | Slain by a gnoll

Vanquished Creatures
  A water moccasin (D:5)
  3 necrophages
  A phantom (D:4)
  A bullfrog (D:4)
  12 scorpions
  A wyvern zombie (D:6)
  A water moccasin skeleton (D:2)
  A howler monkey (D:4)
  3 jellies
  3 centaur zombies (Ossuary)
  5 hounds
  4 human zombies (Ossuary)
  3 orc priests
  A gnoll shaman (D:6)
  Terence (D:2)
  5 scorpion zombies (Ossuary)
  3 iguanas
  An orc wizard (D:6)
  A hound zombie (D:5)
  3 mummies (Ossuary)
  A hound skeleton (D:4)
  2 gnolls
  9 adders
  A shadow imp (D:5)
  2 adder skeletons
  A dart slug (D:3)
  11 orcs
  6 ball pythons
  7 bats
  16 endoplasms
  5 giant cockroaches
  6 goblins
  2 hobgoblins
  6 jackals (D:1)
  4 quokkas
  2 frilled lizards
  2 goblin zombies (Ossuary)
  5 hobgoblin zombies (Ossuary)
  6 kobolds
  2 orc zombies (Ossuary)
  5 rats
155 creatures vanquished.

Table legend: (Time is in decaauts)
 A = Elapsed time spent in this place.
 B = Non-inter-level travel time spent in this place.
 C = Inter-level travel time spent in this place.
 D = Time resting spent in this place.
 E = Time spent auto-exploring this place.
 F = Levels seen in this place.
 G = Mean time per level.
                   A        B        C        D        E       F      G
               +--------+--------+--------+--------+--------+-----+--------+
         Total |   9964 |   9551 |    413 |   4222 |   3712 |   7 | 1423.4 |
       Dungeon |   8672 |   8259 |    413 |   3471 |   3541 |   6 | 1445.3 |
       Ossuary |   1291 |   1291 |      0 |    750 |    171 |   1 | 1291.0 |
               +--------+--------+--------+--------+--------+-----+--------+

Top non-repeatable levels by time:
     D:4: 2641 daAuts
     D:3: 1897 daAuts
     D:2: 1598 daAuts
 Ossuary: 1291 daAuts
     D:5: 1178 daAuts
     D:1: 1014 daAuts
     D:6: 343 daAuts
